 Dungeon Crawl Stone Soup version 0.29.1-1-gd02db6906a (webtiles) character file.

Game seed: 17855327869451388976

140 funnyparkerb the Cutter (level 5, 0/24 HPs)
             Began as a Vine Stalker Fighter on Sept 29, 2022.
             Succumbed to Crazy Yiuf's poison
             ... on level 3 of the Dungeon.
             The game lasted 00:03:31 (2951 turns).

funnyparkerb the Cutter (Vine Stalker Fighter)      Turns: 2951, Time: 00:03:31

Health: 0/24       AC:  8    Str: 18    XL:     5   Next: 22%
Magic:  0/6        EV: 10    Int:  8    God:
Gold:   177        SH:  5    Dex: 16    Spells: 4/4 levels left

rFire   . . .      SeeInvis .   a - +0 rapier
rCold   . . .      Faith    .   c - +0 buckler
rNeg    . . .      Spirit   +   b - +0 scale mail
rPois   .          Reflect  .   n - +0 helmet
rElec   .          Harm     .   (no cloak)
rCorr   .          Rampage  .   l - +0 pair of gloves
Will    .....                   (no boots)
Stlth   +.........              (no amulet)
HPRegen 0.88/turn               (no ring)
MPRegen 0.10/turn               (no ring)

@: lethally poisoned (0 -> -3), hasted, very quick
A: fangs 2, regeneration 1, magic shield, antimagic bite, no potion heal 2,
frail 1, MP-powered wands
a: no special abilities


You were on level 3 of the Dungeon.
You visited 1 branch of the dungeon, and saw 3 of its levels.

You collected 177 gold pieces.

Inventory:

Hand Weapons
 a - a +0 rapier (weapon)
Missiles
 i - 10 poisoned darts (quivered)
Armour
 b - a +0 scale mail (worn)
 c - a +0 buckler (worn)
 l - a +0 pair of gloves (worn)
 n - a +0 helmet (worn)
Scrolls
 e - a scroll of fear {unknown}
 f - 2 scrolls of identify {unknown}
 g - 4 scrolls of teleportation {unknown}
 k - a scroll of butterflies {unknown}
 m - a scroll of blinking {unknown}
Potions
 d - a potion of might
 h - a potion of curing {unknown}
 o - a potion of mutation
 p - a potion of heal wounds {unknown}


   Skills:
 - Level 2.6 Fighting
 * Level 3.2 Short Blades
 - Level 2.4 Armour
 * Level 2.2 Dodging
 + Level 2.6 Stealth
 - Level 2.6 Shields


You had 4 spell levels left.
You didn't know any spells.
Your spell library contained the following spells:

 Spells                   Type           Power      Damage    Failure   Level
 Necrotise                Necr           0%         1d4       88%         1
 Dazzling Flash           Conj/Hex       0%         N/A       99%         3
 Gell's Gravitas          Tloc           0%         N/A       99%         3
 Lesser Beckoning         Tloc           0%         N/A       99%         3
 Teleport Other           Tloc           0%         N/A       99%         3
 Vampiric Draining        Necr           0%         2d6       99%         3
 Agony                    Necr           0%         N/A       100%        5
 Silence                  Hex/Air        0%         N/A       100%        5


Dungeon Overview and Level Annotations

Branches:
Dungeon (3/15)

Altars:
Gozag

Shops:
D:1 *

Annotations:
D:3 Crazy Yiuf


Innate Abilities, Weirdness & Mutations

You have extremely sharp teeth.
Your natural rate of healing is unusually fast.
When hurt, damage is shared between your health and your magic reserves.
Your bite disrupts and absorbs the magic of your enemies.
Potions cannot restore your health.
You are frail. (-10% HP)
You expend magic power (3 MP) to strengthen your wands.


Message History

You open the door.
There is an open door here.
Crazy Yiuf shouts!
Crazy Yiuf flaps his cloak.
You open the door. You barely miss Crazy Yiuf. Your bite misses Crazy Yiuf.
Crazy Yiuf hits you with a +2 quarterstaff of chaos.
You feel your power leaking away.
You barely miss Crazy Yiuf. You bite Crazy Yiuf. You drain his power.
You feel invigorated.
Crazy Yiuf is moderately wounded.
Crazy Yiuf hits you with a +2 quarterstaff of chaos.
Crazy Yiuf freezes you.
You completely miss Crazy Yiuf. Your bite misses Crazy Yiuf.
Crazy Yiuf is moderately wounded.
Crazy Yiuf hits you with a +2 quarterstaff of chaos.
You easily resist.
You hit Crazy Yiuf.
Crazy Yiuf is moderately wounded.
Crazy Yiuf hits you with a +2 quarterstaff of chaos!
You barely miss Crazy Yiuf.
Crazy Yiuf is moderately wounded.
You block Crazy Yiuf's attack.
You hit Crazy Yiuf but do no damage. Your bite misses Crazy Yiuf.
Crazy Yiuf is moderately wounded.
Crazy Yiuf hits you with a +2 quarterstaff of chaos!
Crazy Yiuf burns you. Crazy Yiuf barely misses you.
You puncture Crazy Yiuf! Your bite misses Crazy Yiuf.
Crazy Yiuf is severely wounded.
Crazy Yiuf hits you with a +2 quarterstaff of chaos!
* * * LOW HITPOINT WARNING * * *
You are lethally poisoned!
It was a potion of mutation.
You feel extremely strange.
You feel your magical essence link to the dungeon's wands.
You feel frail.
* * * LOW HITPOINT WARNING * * *
You feel very sick. Crazy Yiuf misses you.
It was a potion of haste.
You feel yourself speed up.
You die...

...........###....####....#
.#.#..#.#.## #....# #..>##
.#.#..#.#.# ♣....♣ #####
.#.##.#.#.# ♣...♣♣
.#.##.#.#.# ♣♣.♣♣
.#.##.#.#.## ♣.♣♣
...##.#....# ♣♣.♣
.#..#.#.#.## ♣.♣♣
...........# ♣♣@♣
..........## #g#
##....>.#.# ...
........#.## #...#
...........# #..)#
##.##.#.#.## #####
##.##.#.#.#
..........###########
.................#..####


You could see Crazy Yiuf.

Vanquished Creatures
  4 gnolls (D:3)
  3 adders
  2 worms (D:3)
  2 dart slugs
  9 ball pythons
  9 bats
  4 endoplasms
  2 giant cockroaches
  2 goblins
  4 hobgoblins
  4 jackals (D:1)
  6 kobolds
  A quokka (D:2)
  5 frilled lizards
  8 rats
65 creatures vanquished.

Notes
Turn   | Place    | Note
-------+----------+-------------------------------------------
     0 | D:1      | funnyparkerb the Vine Stalker Fighter began the quest for
                  | the Orb.
     0 | D:1      | Reached XP level 1. HP: 11/11 MP: 2/2
   110 | D:1      | Reached skill level 2 in Short Blades
   163 | D:1      | Reached XP level 2. HP: 16/16 MP: 3/3
   250 | D:1      | Reached skill level 1 in Stealth
   335 | D:1      | Reached skill level 1 in Dodging
   451 | D:1      | Reached XP level 3. HP: 19/19 MP: 4/4
   533 | D:1      | Found a faded altar of an unknown god.
   556 | D:1      | Found Hip Arue's General Store.
  1348 | D:2      | Found an opulent altar of Gozag.
  1580 | D:2      | Gained mutation: Your natural rate of healing is unusually
                  | fast. [Vine Stalker growth]
  1580 | D:2      | Reached XP level 4. HP: 23/23 MP: 3/5
  2145 | D:3      | Reached skill level 3 in Short Blades
  2158 | D:3      | Reached XP level 5. HP: 12/27 MP: 3/6
  2769 | D:3      | Found a runed translucent door.
  2770 | D:3      | Noticed Crazy Yiuf
  2950 | D:3      | Gained mutation: You expend magic power (3 MP) to
                  | strengthen your wands. [potion of mutation]
  2950 | D:3      | Gained mutation: You are frail. (-10% HP) [potion of
                  | mutation]
  2950 | D:3      | HP: 1/24 [poisoned by Crazy Yiuf]
  2951 | D:3      | Succumbed to Crazy Yiuf's poison

Illustrated notes

Levels and vault maps discovered:
D:1:      elethiomel_arrival_quiet, layout_loops_ring, serial_shops,
          nicolae_shop_hallway_plus, nicolae_ecumenical_lake_church,
          grunt_decor_clamped, minmay_misc_feat_chi
D:2:      layout_loops_corners, basic_altar, minmay_misc_feat_diagonals
D:3:      layout_basic, dk_noncrumbling_4, uniq_crazy_yiuf_cottage

Skill      XL: |  1  2  3  4 |
---------------+-------------+-----
Short Blades   | 2 3 |  3.2
Stealth        | 1 2 |  2.6
Dodging        | 1 2 |  2.2
Fighting       | |  2.6
Armour         | |  2.4
Shields        | |  2.6

Action                   |  1- 3 |  4- 6 || total
-------------------------+-------+-------++-------
Melee: Rapier            |    94 |    84 ||   178
       Bite              |    25 |    24 ||    49
  Use: Potion            |       |     2 ||     2
Armor: Scale mail        |    38 |    26 ||    64
Dodge: Dodged            |    41 |    26 ||    67
Block: Buckler           |    16 |    21 ||    37
